 Dungeon Crawl Stone Soup version 0.27.0-1-g7a089689b8 (webtiles) character file.

Game seed: 7647641877875245402

219 MirrMurr the Skirmisher (level 5, -8/33 HPs)
             Began as a Gargoyle Hunter on Aug 8, 2021.
             Was an Initiate of Trog.
             Mangled by an orc priest (24 damage)
             ... on level 4 of the Dungeon.
             The game lasted 00:08:56 (4160 turns).

MirrMurr the Skirmisher (Gargoyle Hunter)           Turns: 4160, Time: 00:08:57

Health: -8/33      AC: 12    Str: 16    XL:     5   Next: 96%
Magic:  5/5        EV: 10    Int: 12    God:    Trog [......]
Gold:   89         SH:  3    Dex: 10    Spells: 4/4 levels left

rFire    . . .     SeeInvis .   a - +1 broad axe (drain)
rCold    . . .     Faith    .   q - +0 buckler
rNeg     + . .     Spirit   .   i - +0 ring mail
rPois    ∞         Reflect  .   k - +0 helmet
rElec    +         Harm     .   (no cloak)
rCorr    .         Rampage  .   m - +1 pair of gloves
Will     .....                  (no boots)
Stlth    +.........             (no amulet)
HPRegen  0.11/turn              (no ring)
MPRegen  0.09/turn              (no ring)

@: no status effects
A: sickness immunity, AC +4, negative energy resistance 1, electricity
resistance, torment resistance 1, petrification resistance
a: Renounce Religion


You were on level 4 of the Dungeon.
You worshipped Trog.
Trog was noncommittal.
You visited 1 branch of the dungeon, and saw 4 of its levels.

You collected 89 gold pieces.

Inventory:

Hand Weapons
 a - a +1 broad axe of draining (weapon)
 b - a +0 hunting sling
 t - a +2 short sword of draining
 w - a +2 dagger of holy wrath
Missiles
 c - 6 javelins
 d - 2 throwing nets
 f - 95 stones (quivered)
 g - 23 sling bullets
 r - 8 poisoned darts
Armour
 i - a +0 ring mail (worn)
 k - a +0 helmet (worn)
 m - a +1 pair of gloves (worn)
 q - a +0 buckler (worn)
Jewellery
 e - a +4 ring of evasion
 h - a +6 ring of intelligence
Potions
 p - a potion of curing


   Skills:
 * Level 4.3 Fighting
 + Level 0.3 Axes
 + Level 4.2 Throwing
 + Level 2.3 Armour
 + Level 2.4 Dodging
 - Level 1.1 Stealth
 + Level 1.0 Shields


You had 4 spell levels left.
You didn't know any spells.
Your spell library contained the following spells:

 Spells                   Type           Power      Damage    Failure   Level
 Freeze                   Ice            0%         1d3       65%         1
 Frozen Ramparts          Ice            0%         1d2       95%         3
 Hailstorm                Conj/Ice       0%         3d3       100%        4


Dungeon Overview and Level Annotations

Branches:
Dungeon (4/15)
 Temple: D:4-7

Altars:
Trog

Annotations:
D:3 3 runed translucent doors, Leibowitz's ghost, amateur NaVM


Innate Abilities, Weirdness & Mutations

You are immune to sickness and miasma.
Your stone body is resilient. (AC +4)
You are immune to poison.
You resist negative energy. (rN+)
You are resistant to electric shocks. (rElec)
You are resistant to unholy torment.
You are immune to petrification.


Message History

You kill the orc!
Trog accepts your kill.
No target in view!
No target in view!
No target in view!
Char dumped successfully.
Save game and exit?
Level annotation: 3 runed translucent doors, Leibowitz's ghost, amateur NaVM Welcome back, MirrMurr the Gargoyle Hunter.
Trog says: Kill them all!
Press ? for a list of commands and other information.
HP restored.
You see here a +2 dagger of protection.
Leibowitz's ghost turns its malevolent gaze towards you.
Could not explore, unopened runed door.
Could not explore, unopened runed door.
Could not explore, unopened runed door.
Search for what [? for help]? .
Unknown command.
Unknown command.
(D) Dungeon
Where to? (? - help) Leibowitz's ghost ripples.
You see here a +2 dagger of protection.
There is a stone staircase leading down here.
You climb downwards.
The orc hits you with a +0 short sword.
There is a stone staircase leading up here.
You barely miss the orc. The orc hits you but does no damage.
The orc completely misses you.
The orc priest looks braver for a moment.
You closely miss the orc. The orc misses you.
The orc priest mumbles some strange prayers to Beogh against you.
Beogh smites you! The orc closely misses you.
You slash the orc!
You kill the orc!
Trog accepts your kill.
The orc priest hits you with a +0 hand axe of distortion.
Space warps horribly around you!!
Ouch! That really hurt!
You die...

.... #... (... ..#
##### .... #.#
#...#
...o####.#####.#.#
#..o.......#o#.#
#..........#.#.#
#..........#o#.#
#..........#.#o#
######.).###o#@#
........#.###)###
#########..##.#..
##o##.#.#
#..#.#.##
######.#.#..#.###
..................
########..####.###
#..#


You could see an orc priest.

Vanquished Creatures
  A jelly (D:3)
  Natasha (D:4)
  Robin (D:2)
  5 adders
  A worm (D:2)
  A dart slug (D:1)
  8 orcs
  9 ball pythons
  7 endoplasms
  6 giant cockroaches
  22 goblins
  8 hobgoblins
  3 jackals (D:3)
  A quokka (D:1)
  5 bats
  4 frilled lizards (D:1)
  5 kobolds
  5 rats
93 creatures vanquished.

Notes
Turn   | Place    | Note
-------+----------+-------------------------------------------
     0 | D:1      | MirrMurr the Gargoyle Hunter began the quest for the Orb.
     0 | D:1      | Reached XP level 1. HP: 12/12 MP: 1/1
   115 | D:1      | Reached XP level 2. HP: 18/18 MP: 2/2
   624 | D:1      | Reached skill level 1 in Armour
   747 | D:1      | Reached XP level 3. HP: 22/22 MP: 3/3
  1089 | D:1      | Found a faded altar of an unknown god.
  1719 | D:2      | Noticed Robin
  2228 | D:1      | Reached XP level 4. HP: 21/28 MP: 4/4
  2264 | D:2      | Killed Robin
  2806 | D:2      | Reached XP level 5. HP: 31/33 MP: 5/5
  2845 | D:2      | Found a bloodstained altar of Trog.
  2863 | D:2      | Became a worshipper of Trog the Wrathful
  3134 | D:3      | Found a runed translucent gate.
  3134 | D:3      | Found a runed translucent gate.
  3413 | D:3      | Found a runed translucent gate.
  3414 | D:3      | Noticed Leibowitz's ghost (amateur NaVM)
  3791 | D:4      | Noticed Natasha
  3794 | D:4      | Killed Natasha
  3862 | D:3      | Reached skill level 1 in Shields
  4160 | D:4      | Mangled by an orc priest

Illustrated notes

Levels and vault maps discovered:
D:1:      sevenhm_arrival_forest_fort_large_4, layout_loops_corners,
          ebering_ecumenical_altar_mist, kennysheep_another_room,
          minmay_misc_feat_iff, minmay_pentomino_u4
D:2:      layout_rooms, basic_altar, uniq_robin
D:3:      layout_loops_ring, gammafunk_ghost_split
D:4:      layout_basic, okawaru_metal_pillars_3, old_standard_altar,
          uniq_natasha

Skill      XL: |  1  2  3  4  5 |
---------------+----------------+-----
Armour         | 1 2 |  2.3
Fighting       | 3 4 |  4.3
Dodging        | 2 |  2.4
Throwing       | 4 |  4.2
Shields        | 1 |  1.0
Axes           | |  0.3
Stealth        | |  1.1

Action                   |  1- 3 |  4- 6 || total
-------------------------+-------+-------++-------
Melee: Short sword       |    52 |     3 ||    55
       Dagger            |   108 |   195 ||   303
       Broad axe         |       |    12 ||    12
 Fire: Hunting sling     |       |    19 ||    19
Throw: Stone             |     3 |    10 ||    13
  Use: Scroll            |       |     5 ||     5
 Stab: Sleeping          |     3 |       ||     3
Armor: Leather armour    |    18 |       ||    18
       Ring mail         |    56 |   108 ||   164
Dodge: Dodged            |   110 |   128 ||   238
Block: Buckler           |       |    18 ||    18
